Map: 2000 Atmospheres LE

Players

HellraiseR

  • Race: Protoss Protoss
  • League: Grandmaster

Serral - Winner!

  • Race: Zerg Zerg
  • League: Grandmaster

Event: DreamHack SC2 Masters 2021 Summer

VOD

Have the link to the VOD?

Description

Time

  • Played on: May 26, 2021, 12:19 p.m.
  • Length: 10:07

All games in this series

Show
View Real Time Build Order
Export as new Build Order

HellraiseR Protoss 

Build Orders:  

Get SALT Encoding   

  12  0:00  Probe (Chrono Boost)  
  13  0:09  Probe (Chrono Boost)  
  14  0:14  Probe (Chrono Boost)  
  15  0:21  Pylon  
  15  0:39  Probe  
  15  0:40  Forge  
  16  0:53  Pylon  
  16  0:55  Probe  
  17  1:02  Pylon  
  18  1:15  Photon Cannon  
  18  1:20  Gateway  
  18  1:22  Pylon  
  18  1:24  Probe  
  18  1:32  Assimilator  
  18  1:37  Probe  
  19  1:42  Photon Cannon  
  19  1:48  Pylon  
  19  1:49  Probe  
  20  2:01  Photon Cannon  
  20  2:08  Cybernetics Core  
  20  2:20  Photon Cannon  
  20  2:28  Probe  
  21  2:30  Assimilator  
  21  2:40  Probe  
  22  2:48  Robotics Facility  
  22  2:49  Stalker (Chrono Boost)  
  22  2:51  Shield Battery  
  24  2:58  Shield Battery  
  24  3:05  Shield Battery  
  24  3:10  Pylon  
  24  3:19  Stalker  
  26  3:34  Shield Battery  
  26  3:39  Immortal (Chrono Boost)  
  30  3:50  Stalker  
  32  3:58  Shield Battery  
  32  4:12  Warp Prism (Chrono Boost)  
  34  4:25  Shield Battery  
  34  4:37  Immortal (Chrono Boost), Shield Battery  
  38  4:51  Pylon  
  38  4:58  Shield Battery  
  38  4:59  Shield Battery  
  38  5:18  Observer  
  38  5:21  Probe  
  40  5:24  Pylon  
  40  5:30  Robotics Bay  
  40  5:31  Stalker  
  40  5:35  Probe  
  43  5:47  Probe  
  44  6:05  Gateway  
  44  6:06  Gateway  
  44  6:12  Pylon  
  45  6:40  Cybernetics Core  
  45  6:55  Probe  
  43  7:07  Probe  
  44  7:13  Pylon  
  44  7:19  Robotics Facility  
  44  7:20  Robotics Facility  
  44  7:21  Stalker x2, Warp Gate  
  48  7:26  Probe  
  48  7:30  Pylon  
  48  7:32  Nexus  
  48  7:40  Probe  
  49  7:50  Pylon  
  49  7:52  Probe  
  50  8:04  Probe  
  50  8:05  Disruptor x2 (Chrono Boost)  
  50  8:41  Disruptor (Chrono Boost)  
  51  8:45  Immortal (Chrono Boost)  
  56  8:51  Nexus  
  55  8:56  Pylon  
  47  9:42  Probe  
  37  9:54  Probe  
Show
View Real Time Build Order
Export as new Build Order

Serral Zerg - Winner!

Build Orders: Pool First, Ravager All-In, Roach Nydus 

Get SALT Encoding   

  12  0:00  Drone  
  13  0:12  Overlord  
  13  0:17  Drone  
  14  0:31  Drone x2  
  14  0:34  Drone  
  17  0:43  Spawning Pool  
  16  0:58  Drone  
  16  1:02  Drone  
  18  1:07  Drone  
  19  1:21  Hatchery  
  19  1:32  Zergling x2  
  19  1:37  Roach Warren  
  18  1:44  Extractor  
  17  1:48  Drone  
  19  1:55  Queen  
  19  1:56  Extractor, Drone  
  21  2:04  Overlord  
  21  2:21  Hatchery  
  20  2:23  Roach  
  20  2:24  Roach  
  24  2:37  Queen  
  26  2:46  Ravager  
  26  2:47  Roach  
  29  2:56  Overlord  
  29  2:59  Ravager  
  30  3:14  Ravager  
  30  3:15  Queen  
  33  3:28  Roach  
  35  3:38  Roach  
  39  3:48  Roach  
  39  3:52  Roach  
  39  3:53  Ravager  
  40  4:00  Roach  
  42  4:09  Ravager  
  40  4:12  Drone x3  
  40  4:14  Lair  
  42  4:18  Ravager  
  42  4:23  Drone  
  44  4:33  Overlord  
  44  4:38  Overlord  
  44  4:52  Ravager x2, Drone x2  
  48  4:55  Drone x2  
  50  5:01  Overlord  
  50  5:14  Nydus Network  
  50  5:20  Drone x2  
  51  5:25  Queen  
  53  5:34  Queen  
  55  5:39  Metabolic Boost  
  55  5:46  Drone x2  
  55  5:48  Zergling x2  
  58  5:53  Nydus Canal  
  59  5:57  Zergling x4  
  59  5:58  Zergling x2  
  59  6:00  Zergling x2  
  62  6:06  Queen  
  62  6:10  Nydus Canal  
  64  6:13  Zergling x2  
  65  6:20  Zergling x4  
  65  6:21  Zergling x2  
  66  6:33  Zergling x4  
  67  6:46  Overlord  
  67  6:53  Overlord  
  64  6:56  Overlord  
  64  7:03  Queen  
  64  7:05  Overseer  
  64  7:06  Overlord  
  66  7:11  Queen  
  68  7:21  Roach  
  68  7:22  Roach x2  
  74  7:25  Zergling x4  
  76  7:32  Drone x2  
  76  7:33  Drone  
  79  7:39  Queen  
  79  7:42  Hatchery  
  79  7:43  Nydus Canal  
  80  7:45  Zergling x4  
  80  7:47  Ravager  
  80  7:50  Zergling x2  
  83  7:51  Ravager  
  83  7:52  Ravager  
  83  7:58  Zergling x4  
  87  8:02  Drone x2  
  87  8:03  Drone  
  90  8:08  Overlord  
  90  8:11  Overlord  
  90  8:19  Drone x3  
  87  8:31  Zergling x4  
  89  8:41  Queen x2  
  76  8:42  Zergling x4  
  82  8:53  Drone x2  
  82  8:54  Drone x2  
  86  8:57  Roach x2  
  86  8:59  Zergling x2  
  86  9:00  Unknown  
  90  9:07  Roach x2  
  91  9:10  Nydus Canal  
  91  9:13  Roach  
  91  9:17  Roach  
  90  9:18  Ravager  
  90  9:20  Zergling x2, Roach x2  
  90  9:23  Roach  
  95  9:24  Queen  
  95  9:26  Ravager  
  95  9:29  Queen  
  99  9:39  Zergling x4  
  99  9:42  Zergling x4  
  99  9:43  Ravager  
  99  9:44  Ravager  
  100  9:46  Zergling x2  
Tags
 
Add a new tag
Caveats
  • Supply blocks, unpowered buildings, or Contaminate may cause inaccurate times.
  • Supply counts are checked every 10 seconds.